 Dungeon Crawl Stone Soup version 0.30.0-20-g3615ddf2f0 (webtiles) character file.

Game seed: 6534756810549732865

721 qw the Blocker (level 7, -3/41 HPs)
             Began as a Gargoyle Fighter on May 28, 2023.
             Was an Initiate of Okawaru.
             Slain by Prince Ribbit (12 damage)
             ... on level 5 of the Dungeon.
             The game lasted 00:01:58 (3629 turns).

qw the Blocker (Gargoyle Fighter)                   Turns: 3629, Time: 00:01:58

Health: -3/41      AC: 13    Str: 21    XL:     7   Next: 71%
Magic:  7/7        EV:  5    Int:  7    God:    Okawaru [......]
Gold:   191        SH: 14    Dex:  9    Spells: 6/6 levels left

rFire   . . .        Y - +1 war axe
rCold   . . .        k - +0 tower shield
rNeg    + . .        i - +0 chain mail
rPois   inf          (no helmet)
rElec   +            (no cloak)
rCorr   .            (no gloves)
SInv    .            (no boots)
Will    .....        (no amulet) Stlth
                     (no ring)
HPRegen 0.26/turn    (no ring)
MPRegen 0.10/turn

%: no passive effects
@: no status effects
A: sickness immunity, AC +4, negative energy resistance 1, electricity
resistance, torment resistance 1, petrification resistance, dopey 1
a: Renounce Religion


You were on level 5 of the Dungeon.
You worshipped Okawaru.
Okawaru was noncommittal.
You visited 1 branch of the dungeon, and saw 5 of its levels.

You collected 288 gold pieces.
You spent 97 gold pieces at shops.


Innate Abilities, Weirdness & Mutations

You are immune to sickness and miasma.
Your stone body is resilient. (AC +4)
You are immune to poison.
You resist negative energy. (rN+)
You are resistant to electric shocks. (rElec)
You are resistant to unholy torment.
You are immune to petrification.
You are dopey. (Int -2)


   Skills:
 - Level 3.2 Fighting
 + Level 4.1 Axes
 - Level 1.1 Throwing
 - Level 3.2 Armour
 - Level 8.3 Shields


You had 6 spell levels left.
You didn't know any spells.
Your spell library was empty.

Inventory:

Hand Weapons
 j - a +0 mace
 Y - a +1 war axe (weapon)
Missiles
 e - a boomerang (quivered)
Armour
 i - a +0 chain mail (worn)
 k - a +0 tower shield (worn)
Scrolls
 a - a scroll of identify
 m - a scroll of enchant armour
Potions
 b - a potion of resistance {unknown}
 c - a potion of magic {unknown}
 d - a potion of might
 f - a potion of mutation
 g - 3 potions of curing
 n - a potion of heal wounds {unknown}

Dungeon Overview and Level Annotations

Branches:
Dungeon (5/15)
 Temple: D:4-7

Altars:
Gozag
Okawaru
Vehumet
Xom
The Shining One

Shops:
D:2 *

Annotations:
D:5 Prince Ribbit


Message History

Prince Ribbit comes into view.
You throw a javelin.
The javelin closely misses Prince Ribbit.
Menkaure calls on the powers of darkness!
Your body is wracked with pain!
You throw a boomerang.
The boomerang hits Prince Ribbit but does no damage.
Prince Ribbit blinks!
You throw a boomerang. The boomerang misses Prince Ribbit.
You hear the slow hiss of a very distant avalanche of sand.
Menkaure calls on the powers of darkness!
Prince Ribbit convulses!
Your body is wracked with pain!
You throw a boomerang.
The boomerang closely misses Prince Ribbit.
Prince Ribbit blinks!
You throw a boomerang.
The boomerang closely misses Prince Ribbit.
Menkaure calls on the powers of darkness!
Your body is wracked with pain!
Prince Ribbit convulses!
You slash Menkaure!
Menkaure is heavily damaged.
You block Menkaure's attack. Prince Ribbit barely misses you.
You barely miss Prince Ribbit.
Prince Ribbit is severely wounded.
You hit Menkaure but do no damage.
Prince Ribbit blinks!
Menkaure hits you!
You slash Menkaure!
You destroy Menkaure!
Okawaru is honoured by your kill.
Your Shields skill increases to level 8!
You hit Prince Ribbit.
Prince Ribbit is severely wounded.
Prince Ribbit hits you.
Prince Ribbit blinks!
You are too injured to fight recklessly!
You are too injured to fight recklessly!
You hit Prince Ribbit.
Prince Ribbit is severely wounded.
Prince Ribbit hits you but does no damage.
Prince Ribbit hits you!
You die...

##........... ..#
#..# ##.#########.
##. .## #.# #. # #.
#.##### #. #..
#.....# #. #..#
#####.# ..# ##.# .#
##..#
.#.######..@####.
$.......)...F......
..####............
#.##..###.#.$
#.###.# # #.# #.#
#.# #.# #.. (.. #..
.


You could see Prince Ribbit.

Vanquished Creatures
  Eustachio (D:4)
  Menkaure (D:5)
  A black bear (D:5)
  A centaur (D:5)
  A phantom (D:4)
  An orc priest (D:4)
  A hound (D:4)
  An orc wizard (D:4)
  3 adders
  A worm (D:2)
  2 dart slugs
  3 orcs (D:4)
  2 bats
  4 endoplasms
  4 giant cockroaches
  12 goblins
  13 hobgoblins
  17 jackals
  6 quokkas
  6 ball pythons
  3 frilled lizards
  12 kobolds
  3 rats
99 creatures vanquished.

Notes
Turn   | Place    | Note
-------+----------+-------------------------------------------
     0 | D:1      | qw the Gargoyle Fighter began the quest for the Orb.
     0 | D:1      | Reached XP level 1. HP: 14/14 MP: 1/1
     0 | D:1      | 0 ||| qw: Version: 0.2-a-100-g7972860
     0 | D:1      | 0 ||| qw: Game counter: 234
     0 | D:1      | 0 ||| qw: Always use a shield: true
     0 | D:1      | 0 ||| qw: God list: Okawaru
     0 | D:1      | 0 ||| qw: Allow faded altars: false
     0 | D:1      | 0 ||| qw: Do Orc after D:15 true
     0 | D:1      | 0 ||| qw: Do second Lair branch before Depths: true
     0 | D:1      | 0 ||| qw: Lair rune preference: random
     0 | D:1      | 0 ||| qw: Plans: Normal, Zot:1-4, God:TSO, Crypt, Tomb,
                  | Pan, Slime:5, Hells, Abyss, Win
     0 | D:1      | 0 ||| PLANNING D:1-11
   138 | D:1      | Reached XP level 2. HP: 19/19 MP: 2/2
   383 | D:1      | Reached skill level 3 in Axes
   417 | D:1      | Reached XP level 3. HP: 23/23 MP: 3/3
   796 | D:1      | 796 ||| READING scroll labelled VUGONE YFATI.
   797 | D:1      | 797 ||| READING scroll labelled DYFFUU VEIREZO.
   798 | D:1      | 798 ||| DRINKING 3 emerald potions.
   847 | D:2      | Found a shimmering altar of Xom.
  1026 | D:2      | 1026 ||| Stepping ~*~*~tactically~*~*~ (stealth).
  1046 | D:2      | 1046 ||| Stepping ~*~*~tactically~*~*~ (stealth).
  1384 | D:2      | 1384 ||| Stepping ~*~*~tactically~*~*~ (stealth).
  1402 | D:2      | Found Qamaf's General Store.
  1407 | D:2      | 1407 ||| BUYING +0 chain mail (58 gold).
  1407 | D:2      | Bought a +0 chain mail for 58 gold pieces
  1407 | D:2      | 1407 ||| SHOPLISTING +6 ring of dexterity (468 gold, have
                  | 53).
  1407 | D:2      | 1407 ||| BUYING scroll of teleportation (39 gold).
  1407 | D:2      | Bought a scroll of teleportation for 39 gold pieces
  1449 | D:2      | Found a faded altar of an unknown god.
  1531 | D:2      | Reached XP level 4. HP: 28/28 MP: 4/4
  1531 | D:2      | 1531 ||| DROPPING +0 club.
  1682 | D:2      | 1682 ||| UPGRADING to +0 chain mail.
  1692 | D:2      | 1692 ||| DROPPING +0 scale mail.
  1693 | D:2      | 1693 ||| READING 2 scrolls labelled CIAGOA DEXIECI.
  1694 | D:2      | 1694 ||| DRINKING 2 coppery potions.
  1694 | D:2      | Gained mutation: You are dopey. (Int -2) [potion of
                  | mutation]
  1744 | D:3      | 1744 ||| Stepping ~*~*~tactically~*~*~ (stealth).
  1749 | D:3      | 1749 ||| Stepping ~*~*~tactically~*~*~ (stealth).
  1768 | D:3      | 1768 ||| Stepping ~*~*~tactically~*~*~ (stealth).
  1769 | D:3      | 1769 ||| Stepping ~*~*~tactically~*~*~ (stealth).
  1791 | D:3      | 1791 ||| Stepping ~*~*~tactically~*~*~ (stealth).
  1793 | D:3      | 1793 ||| Stepping ~*~*~tactically~*~*~ (stealth).
  2178 | D:3      | 2178 ||| UPGRADING to +0 tower shield.
  2188 | D:3      | 2188 ||| DROPPING +0 buckler.
  2189 | D:3      | 2189 ||| READING scroll labelled BEIXYG ELOYHINIZAC.
  2190 | D:3      | 2190 ||| READING 2 scrolls of identify.
  2190 | D:3      | 2190 ||| IDENTIFYING lumpy white potion
  2191 | D:3      | 2191 ||| DROPPING potion of flight.
  2304 | D:4      | 2304 ||| Stepping ~*~*~tactically~*~*~ (stealth).
  2306 | D:4      | 2306 ||| Stepping ~*~*~tactically~*~*~ (stealth).
  2318 | D:4      | 2318 ||| Stepping ~*~*~tactically~*~*~ (stealth).
  2319 | D:4      | 2319 ||| Stepping ~*~*~tactically~*~*~ (stealth).
  2424 | D:4      | Reached XP level 5. HP: 24/32 MP: 5/5
  2458 | D:4      | Found a radiant altar of Vehumet.
  2475 | D:4      | Reached skill level 4 in Shields
  2503 | D:4      | Found an opulent altar of Gozag.
  2535 | D:4      | Noticed Eustachio
  2537 | D:4      | 2537 ||| Stepping ~*~*~tactically~*~*~ (stealth).
  2538 | D:4      | 2538 ||| Stepping ~*~*~tactically~*~*~ (stealth).
  2539 | D:4      | 2539 ||| Stepping ~*~*~tactically~*~*~ (stealth).
  2567 | D:4      | HP: 2/32 [iron imp[Eustachio] (7)]
  2568 | D:4      | 2568 ||| READING 2 scrolls of teleportation.
  2572 | D:4      | 2572 ||| READING scroll of teleportation.
  2573 | D:4      | HP: 3/32 [orc/+0 mace (1)]
  2781 | D:4      | 2781 ||| FLEEEEING.
  2782 | D:4      | 2782 ||| FLEEEEING.
  2786 | D:4      | Killed Eustachio
  2787 | D:4      | Reached skill level 5 in Shields
  2787 | D:4      | Reached XP level 6. HP: 15/37 MP: 6/6
  2891 | D:4      | Reached skill level 6 in Shields
  2947 | D:4      | 2947 ||| Stepping ~*~*~tactically~*~*~ (stealth).
  3089 | D:4      | 3089 ||| Stepping ~*~*~tactically~*~*~ (hiding).
  3099 | D:4      | Reached skill level 1 in Throwing
  3289 | D:4      | Found an iron altar of Okawaru.
  3290 | D:4      | 3290 ||| PLANNING OKAWARU WORSHIP
  3297 | D:4      | Became a worshipper of Warmaster Okawaru
  3297 | D:4      | 3297 ||| PLANNING D:1-11
  3480 | D:5      | Entered Level 5 of the Dungeon
  3481 | D:5      | 3481 ||| PLANNING OSSUARY
  3492 | D:5      | Found a glowing golden altar of the Shining One.
  3520 | D:5      | Reached XP level 7. HP: 40/41 MP: 7/7
  3539 | D:5      | Reached skill level 7 in Shields
  3582 | D:5      | 3582 ||| Stepping ~*~*~tactically~*~*~ (hiding).
  3612 | D:5      | Noticed Menkaure
  3613 | D:5      | 3613 ||| Stepping ~*~*~tactically~*~*~ (hiding).
  3614 | D:5      | 3614 ||| Stepping ~*~*~tactically~*~*~ (hiding).
  3615 | D:5      | 3615 ||| Stepping ~*~*~tactically~*~*~ (hiding).
  3616 | D:5      | 3616 ||| Stepping ~*~*~tactically~*~*~ (hiding).
  3616 | D:5      | Noticed Prince Ribbit
  3623 | D:5      | HP: 9/41 [Menkaure (15)]
  3624 | D:5      | Killed Menkaure
  3625 | D:5      | Reached skill level 8 in Shields
  3629 | D:5      | Slain by Prince Ribbit

Levels and vault maps discovered:
D:1:      lightli_arrival_flooded_house, layout_basic
D:2:      layout_basic, serial_shops, nicolae_shop_tiny_statue_garden,
          hellmonk_ecumenical_altar_prayer_group, basic_altar
D:3:      layout_rooms, glass_columns_a
D:4:      wad_woods_stonehenge, layout_basic, mainiacjoe_overflow_paths,
          mainiacjoe_overflow_tiny_flanked, dreamdust_princess_corridor,
          kennysheep_small_square, uniq_eustachio
D:5:      layout_loops_corners, nzn_hepliaklqana_mist_gate, tso_metal_star,
          enter_ossuary_2, uniq_menkaure, uniq_blork_the_orc,
          uniq_prince_ribbit1

Skill      XL: |  1  2  3  4  5  6  7 |
---------------+----------------------+-----
Axes           | 2 3 4 |  4.1
Shields        | 5 6 8 |  8.3
Throwing       | 1 |  1.1
Fighting       | |  3.2
Armour         | |  3.2

Action                     |  1- 3 |  4- 6 |  7- 9 || total
---------------------------+-------+-------+-------++-------
  Melee: War axe           |   103 |   202 |    14 ||   319
  Throw: Javelin           |       |    17 |     2 ||    19
         Boomerang         |       |     1 |     5 ||     6
    Use: Scroll            |     2 |     5 |       ||     7
         Potion            |     1 |     1 |       ||     2
 Armour: Scale mail        |    38 |     1 |       ||    39
         Chain mail        |       |   142 |    15 ||   157
  Dodge: Dodged            |    41 |    64 |     4 ||   109
  Block: Buckler           |    15 |     7 |       ||    22
         Tower shield      |       |   120 |    11 ||   131

Table legend:
 A = Non-vault XP
 B = Vault XP
 C = Vault XP percentage of total XP
 D = Non-vault monster count
 E = Vault monster count
 F = Vault count percentage of total count
                 A         B        C        D         E       F
            +---------+---------+-------+---------+---------+-------
      Total |     509 |     522 |  50.6 |      84 |      15 |  15.2
            +---------+---------+-------+---------+---------+-------
        D:1 |      41 |       0 |   0.0 |      23 |       0 |   0.0
        D:2 |      42 |       6 |  12.5 |      15 |       3 |  16.7
        D:3 |      29 |       0 |   0.0 |      17 |       0 |   0.0
        D:4 |     140 |     347 |  71.3 |      26 |      11 |  29.7
        D:5 |     257 |     169 |  39.7 |       3 |       1 |  25.0
            +---------+---------+-------+---------+---------+-------
